 Dungeon Crawl Stone Soup version 0.25.1-2-g60ff931df9 (webtiles) character file.

Game seed: 929864384631074297

43 Descartes the Shield-Bearer (level 3, -8/19 HPs)
             Began as a Vine Stalker Fighter on Aug 8, 2020.
             Mangled by Sigmund
             ... wielding a +1 scythe of protection
              (9 damage)
             ... on level 2 of the Dungeon.
             The game lasted 00:02:38 (1326 turns).

Descartes the Shield-Bearer (Vine Stalker Fighter)  Turns: 1326, Time: 00:02:39

Health: -8/19      AC:  6    Str: 18    XL:     3   Next: 58%
Magic:  0/4        EV:  7    Int:  9    God:
Gold:   93         SH:  9    Dex: 13    Spells: 2/2 levels left

rFire    . . .     SeeInvis .   a - +0 long sword
rCold    . . .     Gourm    .   c - +0 kite shield
rNeg     . . .     Faith    .   b - +0 scale mail
rPois    .         Spirit   +   (no helmet)
rElec    .         Reflect  .   (no cloak)
rCorr    .         Harm     .   (no gloves)
MR       .....                  (no boots)
Stlth    ..........             (no amulet)
HPRegen  0.06/turn              (no ring)
MPRegen  0.09/turn              (no ring)

@: no status effects
A: fangs 2, magic shield, antimagic bite, no potion heal 3, rot immunity
a: no special abilities


You were on level 2 of the Dungeon.
You were not hungry.

You visited 1 branch of the dungeon, and saw 2 of its levels.

You collected 93 gold pieces.

Inventory:

Hand Weapons
 a - a +0 long sword (weapon)
Missiles
 g - 33 poisoned darts
 l - 18 arrows
 n - 113 stones (quivered)
Armour
 b - a +0 scale mail (worn)
 c - a +0 kite shield (worn)
Scrolls
 e - 8 scrolls of identify {unknown}
 i - a scroll of enchant armour {unknown}
 j - a scroll of remove curse {unknown}
 k - a scroll of magic mapping {unknown}
 m - 2 scrolls of fog {unknown}
Potions
 d - a potion of might
 h - a potion of brilliance {unknown}
 o - a potion of cancellation {unknown}
Comestibles
 f - 7 rations
 p - 3 chunks of flesh


   Skills:
 - Level 2.6 Fighting
 - Level 1.7 Long Blades
 - Level 2.4 Armour
 + Level 4.1 Shields


You had 2 spell levels left.
You didn't know any spells.
Your spell library was empty.

Dungeon Overview and Level Annotations

Branches:
Dungeon (2/15)

Altars:

Annotations:
D:2 Sigmund


Innate Abilities, Weirdness & Mutations

You have extremely sharp teeth.
When hurt, damage is shared between your health and your magic reserves.
Your bite disrupts and absorbs the magic of your enemies.
Potions cannot restore your health.
You are immune to rotting.


Message History

You bite Sigmund, but do no damage.
Sigmund is severely wounded.
Sigmund hits you but does no damage.
You closely miss Sigmund.
Sigmund is severely wounded.
Sigmund hits you but does no damage.
You hit Sigmund.
Sigmund is almost dead.
Sigmund falters for a moment.
Your shield and scale mail prevent you from hitting Sigmund.
Sigmund is almost dead.
Sigmund falters for a moment.
You barely miss Sigmund. You bite Sigmund, but do no damage.
Sigmund is almost dead.
Sigmund hits you with a +1 scythe of protection!
* * * LOW HITPOINT WARNING * * *
You hit Sigmund but do no damage. Your bite misses Sigmund.
Sigmund is almost dead.
Sigmund hits you with a +1 scythe of protection!
You die...

#.# #.# #...##.####..#).#
#.# #.# #.#.##.####.#.#.#
#.# #.#
#............#.....
##.####.##
####.##.####.###.###
##.#.##...##.#
#..##.###.## ##.##
#.###...#..#.###.###.##.##
#.. .## ##.###(...##.#
#.###.## #.##
..###...#...#.##.#
#.####.###.# .#.#.##..<#.#
##@# #.......#.#
>##.#####.#.# #@#
######....# .##.# #.#.#
...#.#####..#.# .##.#
#.... .............).#
)...#
#.##############.#.###
.########.# #.#.#
..........# #[#.######
#########.# #####.#.#.....
#.# #.......#.####


You could see Sigmund.

Vanquished Creatures
  4 bats
  5 giant cockroaches (D:1)
  3 goblins
  8 hobgoblins
  3 jackals (D:1)
  5 frilled lizards
  7 kobolds
  4 rats (D:1)
39 creatures vanquished.

Notes
Turn   | Place    | Note
-------+----------+-------------------------------------------
     0 | D:1      | Descartes the Vine Stalker Fighter began the quest for the
                  | Orb.
     0 | D:1      | Reached XP level 1. HP: 11/11 MP: 2/2
    26 | D:1      | Reached skill level 3 in Shields
   114 | D:1      | Reached XP level 2. HP: 15/16 MP: 3/3
   450 | D:1      | Reached XP level 3. HP: 18/19 MP: 4/4
  1134 | D:2      | Reached skill level 4 in Shields
  1305 | D:2      | Noticed Sigmund
  1326 | D:2      | Mangled by Sigmund

Illustrated notes

Levels and vault maps discovered:
D:1:      eino_arrival_cavern_c, layout_basic, minmay_tiny_reverse_x
D:2:      layout_loops_ring, first_ration, grunt_decor_mini_mirrors,
          uniq_sigmund

Skill      XL: |  1  2  3 |
---------------+----------+-----
Shields        | 3 4 |  4.1
Fighting       | |  2.6
Long Blades    | |  1.7
Armour         | |  2.4

Action                   || total
-------------------------++-------
Melee: Long sword        ||   122
       Bite              ||    40
  Eat: Chunk             ||     2
Armor: Scale mail        ||    44
Dodge: Dodged            ||    43
Block: Kite shield       ||    71
       Rpst.: Long sword ||    15
